 Dungeon Crawl Stone Soup version 0.30-a0-860-g512cf1e979 (webtiles) character file.

Game seed: 16141285295188350610

443 Maxmaps the Ducker (level 7, 0/60 HPs)
             Began as a Gnoll Monk on Mar 7, 2023.
             Slain by a hobgoblin (3 damage)
             ... on level 4 of the Dungeon.
             The game lasted 00:03:27 (2467 turns).

Maxmaps the Ducker (Gnoll Monk)                     Turns: 2467, Time: 00:03:28

Health: 0/60       AC:  7    Str: 14    XL:     7   Next: 2%
Magic:  10/10      EV: 10    Int: 11    God:
Gold:   145        SH:  8    Dex: 14    Spells: 10/10 levels left

rFire   . . .      SeeInvis .    q - +4 spear "Monula" {elec, *Rage rC+ Str+3}
rCold   + . .      Faith    .    s - +0 kite shield
rNeg    . . .      Spirit   .    h - +0 scale mail
rPois   .          Reflect  .    (no helmet)
rElec   .          Rampage  .    (no cloak)
rCorr   .          Rage     20%  (no gloves)
Will    +....                    p - +0 pair of boots
Stlth   +                        (no amulet)
HPRegen 0.30/turn                j - ring of willpower
MPRegen 0.12/turn                (no ring)

@: on berserk cooldown, slowed, very slow
A: fangs 1, strong nose, distributed training
a: no special abilities


You were on level 4 of the Dungeon.
You visited 1 branch of the dungeon, and saw 4 of its levels.

You collected 145 gold pieces.

Inventory:

Hand Weapons
 a - a +0 falchion
 f - a +0 scimitar
 q - the +4 spear "Monula" (weapon) {elec, *Rage rC+ Str+3}
   (You found it on level 3 of the Dungeon)

   Str:       It affects your strength (+3).
   rC:        It protects you from cold.
   *Rage:     It berserks you when you make melee attacks (+20% chance).
Missiles
 m - a throwing net (quivered)
Armour
 h - a +0 scale mail (worn)
 p - a +0 pair of boots (worn)
 s - a +0 kite shield (worn)
Jewellery
 e - a ring of ice
 j - a ring of willpower (left hand)
Scrolls
 g - 3 scrolls of identify
 i - 2 scrolls of teleportation
Potions
 c - 3 potions of ambrosia
 k - a potion of attraction {unknown}
 l - a potion of mutation {unknown}
 n - a potion of degeneration {unknown}
 r - a potion of flight {unknown}
 t - 2 potions of magic


   Skills:
 + Level 7.0 Fighting
 + Level 2.3 Short Blades
 + Level 7.0 Long Blades
 + Level 2.3 Axes
 + Level 2.3 Maces & Flails
 + Level 2.3 Polearms
 + Level 2.3 Staves
 + Level 2.3 Ranged Weapons
 + Level 2.3 Throwing
 + Level 2.3 Armour
 + Level 7.0 Dodging
 + Level 4.8 Stealth
 + Level 2.3 Shields
 + Level 2.3 Unarmed Combat
 + Level 2.3 Spellcasting
 + Level 1.8 Conjurations
 + Level 1.8 Hexes
 + Level 1.8 Summonings
 + Level 1.8 Necromancy
 + Level 1.8 Translocations
 + Level 1.8 Transmutations
 + Level 1.8 Fire Magic
 + Level 1.8 Ice Magic
 + Level 1.8 Air Magic
 + Level 1.8 Earth Magic
 + Level 1.8 Poison Magic
 + Level 2.5 Invocations
 + Level 2.3 Evocations


You had 10 spell levels left.
You didn't know any spells.
Your spell library was empty.

Dungeon Overview and Level Annotations

Branches:
Dungeon (4/15)
 Temple: D:4-7

Altars:


Innate Abilities, Weirdness & Mutations

You have very sharp teeth.
Your uncanny sense of smell can sniff out nearby items.
Your experience applies equally to all skills.


Message History

It was a scroll of poison.
As you read the scroll labelled MICRUROT NOIST, it crumbles to dust.
It is a scroll of identify.
t - 2 potions of magic
As you read the scroll labelled HAFET HIKYAMN, it crumbles to dust.
You feel strangely unstable.
It was a scroll of teleportation.
Unknown command.
As you read the scroll labelled EHU ALUTEE, it crumbles to dust.
You feel aware of your surroundings.
You sensed 1 shop/portal.
It was a scroll of magic mapping.
Your surroundings suddenly seem different. 2 iguanas and a hobgoblin come into view.
Found 6 stones and 9 gold pieces.
Found a stone staircase leading down.
The iguana bites you.
The hobgoblin shouts!
The iguana hisses angrily.
The iguana closely misses you. The hobgoblin hits you. The iguana bites you!
You barely miss the iguana. You bite the iguana, but do no damage.
The hobgoblin barely misses you. The iguana bites you! The iguana bites you.
You block the iguana's attack. The hobgoblin closely misses you.
The iguana bites you.
You are too injured to fight recklessly!
You are too injured to fight recklessly!
You hit the iguana.
The iguana is lightly wounded.
The hobgoblin hits you but does no damage.
You block the iguana's attack. x2
You hit the iguana.
The iguana is heavily wounded.
The hobgoblin hits you. The iguana bites you. You block the iguana's attack. x2
The hobgoblin completely misses you. The iguana bites you!
* * * LOW HITPOINT WARNING * * *
You completely miss the iguana.
The iguana is heavily wounded.
The hobgoblin misses you. You block the iguana's attack. The iguana bites you.
* * * LOW HITPOINT WARNING * * *
The iguana bites you!
* * * LOW HITPOINT WARNING * * *
The hobgoblin hits you.
You die...

,,,,,,,,,* ##............,*
*,* ,,,,,,,,,*
#.........$...,* *,*
,,,,,,,,,* #.............,*
*,*
,,>,,,,,,*##.............,*
*,*
,,,,,,,,,*#..............,*
*,*
**,,,,,,,*#..............**
**,,
****,,,,*#..............*
**,,,
**,,,*#.....l.......#*
**,,,, *,,,*#..>(.@g......#
*,,,,, *,,,#.......l......#
**,,,,,
*,,,#.............##
*,,,,,, *,,,##...........##
*,,,,,,
****,,,∆##..........#
*,,,,,,
***,,,,,,,*###......###
**,,,,, ..,,,,,,,,*
##...### ****,, ..,,,,,,,,*
##### **,, .,,,,,,,,,* *,,,


You could see 2 iguanas and a hobgoblin.

Vanquished Creatures
  Sigmund (D:3)
  A scorpion (D:3)
  A hound (D:4)
  2 orc priests (D:3)
  Ijyb (D:3)
  3 adders
  An ufetubus (D:4)
  4 worms
  2 dart slugs (D:2)
  6 orcs
  5 ball pythons
  7 endoplasms
  2 giant cockroaches
  7 goblins
  A hobgoblin (D:1)
  7 kobolds
  3 quokkas
  5 bats
  2 frilled lizards
  A rat (D:2)
62 creatures vanquished.

Notes
Turn   | Place    | Note
-------+----------+-------------------------------------------
     0 | D:1      | Maxmaps the Gnoll Monk began the quest for the Orb.
     0 | D:1      | Reached XP level 1. HP: 23/23 MP: 1/1
    58 | D:1      | You fall into a shaft and drop 1 floor!
    67 | D:2      | Reached XP level 2. HP: 29/29 MP: 2/2
   269 | D:1      | Reached XP level 3. HP: 35/35 MP: 3/3
   364 | D:1      | Found a faded altar of an unknown god.
   431 | D:1      | Reached skill level 1 in Invocations
   762 | D:2      | Reached skill level 1 in Short Blades
   762 | D:2      | Reached skill level 1 in Axes
   762 | D:2      | Reached skill level 1 in Maces & Flails
   762 | D:2      | Reached skill level 1 in Polearms
   762 | D:2      | Reached skill level 1 in Staves
   762 | D:2      | Reached skill level 1 in Ranged Weapons
   762 | D:2      | Reached skill level 1 in Throwing
   762 | D:2      | Reached skill level 1 in Armour
   762 | D:2      | Reached skill level 1 in Shields
   762 | D:2      | Reached skill level 1 in Unarmed Combat
   762 | D:2      | Reached skill level 1 in Spellcasting
   762 | D:2      | Reached skill level 1 in Evocations
   775 | D:2      | Reached XP level 4. HP: 39/41 MP: 5/5
   831 | D:2      | Identified the +0 robe of Lilacs {rElec rC- Dex+7}
  1061 | D:3      | Noticed Sigmund
  1067 | D:3      | Noticed Ijyb
  1070 | D:3      | Killed Sigmund
  1071 | D:3      | Reached skill level 1 in Conjurations
  1071 | D:3      | Reached skill level 1 in Hexes
  1071 | D:3      | Reached skill level 1 in Summonings
  1071 | D:3      | Reached skill level 1 in Necromancy
  1071 | D:3      | Reached skill level 1 in Translocations
  1071 | D:3      | Reached skill level 1 in Transmutations
  1071 | D:3      | Reached skill level 1 in Fire Magic
  1071 | D:3      | Reached skill level 1 in Ice Magic
  1071 | D:3      | Reached skill level 1 in Air Magic
  1071 | D:3      | Reached skill level 1 in Earth Magic
  1071 | D:3      | Reached skill level 1 in Poison Magic
  1071 | D:3      | Reached XP level 5. HP: 36/47 MP: 5/7
  1092 | D:3      | Killed Ijyb
  1093 | D:3      | Reached XP level 6. HP: 41/53 MP: 8/8
  1634 | D:3      | Identified the +4 spear "Monula" {elec, *Rage rC+ Str+3}
  2177 | D:3      | Identified the +1 whip of Distant Worlds {flame, rF+ rC+
                  | Str+3 Int+4}
  2395 | D:4      | Reached XP level 7. HP: 59/59 MP: 10/10
  2467 | D:4      | HP: 3/60 [iguana (9)]
  2467 | D:4      | Slain by a hobgoblin

Illustrated notes

Levels and vault maps discovered:
D:1:      minmay_arrival_semitransparent, layout_rooms, basic_ecumenical_altar
D:2:      layout_rooms
D:3:      minmay_angry_zag, layout_basic, uniq_ijyb, uniq_sigmund
D:4:      layout_cave_pods, portal_sewer_entry_e, uniq_menkaure

Skill      XL: |  1  2  3  4  5  6  7 |
---------------+----------------------+-----
Invocations    | 1 2 |  2.5
Short Blades   | 1 2 |  2.3
Axes           | 1 2 |  2.3
Maces & Flails | 1 2 |  2.3
Polearms       | 1 2 |  2.3
Staves         | 1 2 |  2.3
Ranged Weapons | 1 2 |  2.3
Throwing       | 1 2 |  2.3
Armour         | 1 2 |  2.3
Shields        | 1 2 |  2.3
Unarmed Combat | 1 2 |  2.3
Spellcasting   | 1 2 |  2.3
Evocations     | 1 2 |  2.3
Conjurations   | 1 |  1.8
Hexes          | 1 |  1.8
Summonings     | 1 |  1.8
Necromancy     | 1 |  1.8
Translocations | 1 |  1.8
Transmutations | 1 |  1.8
Fire Magic     | 1 |  1.8
Ice Magic      | 1 |  1.8
Air Magic      | 1 |  1.8
Earth Magic    | 1 |  1.8
Poison Magic   | 1 |  1.8
Fighting       | 7 |  7.0
Long Blades    | 7 |  7.0
Dodging        | 7 |  7.0
Stealth        | |  4.8

Action                     |  1- 3 |  4- 6 |  7- 9 || total
---------------------------+-------+-------+-------++-------
  Melee: Falchion          |    47 |       |       ||    47
         Bite              |     5 |     9 |     1 ||    15
         Scimitar          |    43 |    50 |       ||    93
         Punch             |       |     2 |       ||     2
         Spear             |       |    35 |     9 ||    44
    Use: Scroll            |       |       |     5 ||     5
   Stab: Distracted        |     1 |       |       ||     1
         Sleeping          |       |     3 |       ||     3
 Armour: Robe              |     8 |       |       ||     8
         Leather armour    |     3 |       |       ||     3
         Scale mail        |    16 |    33 |     1 ||    50
  Dodge: Dodged            |    58 |    46 |     5 ||   109
  Block: Kite shield       |       |     3 |     6 ||     9

Table legend: (Time is in decaauts)
 A = Elapsed time spent in this place.
 B = Non-inter-level travel time spent in this place.
 C = Inter-level travel time spent in this place.
 D = Time resting spent in this place.
 E = Time spent auto-exploring this place.
 F = Levels seen in this place.
 G = Mean time per level.
                   A        B        C        D        E       F      G
               +--------+--------+--------+--------+--------+-----+--------+
         Total |   2532 |   2469 |     63 |    360 |   1479 |   4 |  633.0 |
       Dungeon |   2532 |   2469 |     63 |    360 |   1479 |   4 |  633.0 |
               +--------+--------+--------+--------+--------+-----+--------+

Top non-repeatable levels by time:
     D:3: 1095 daAuts
     D:2: 879 daAuts
     D:1: 463 daAuts
     D:4: 94 daAuts
